 Dungeon Crawl Stone Soup version 0.21.0-3-g78d12a8 (webtiles) character file.

1203 EphemeralWolf the Skirmisher (level 8, -5/49 HPs)
             Began as a Gargoyle Berserker on Jan 9, 2018.
             Was a Priest of Trog.
             Killed by divine providence
             ... invoked by an orc priest
              (12 damage)
             ... on level 5 of the Dungeon.
             The game lasted 00:51:11 (3274 turns).

EphemeralWolf the Skirmisher (Gargoyle Berserker)   Turns: 3274, Time: 00:51:12

Health: -5/49      AC: 19    Str: 22    XL:     8   Next: 45%
Magic:  8/8        EV:  7    Int:  9    God:    Trog [***...]
Gold:   150        SH:  9    Dex:  9    Spells: 7/7 levels left

rFire    . . .     SeeInvis .   H - +2 whip (elec)
rCold    . . .     Gourm    .   C - +0 shield
rNeg     + . .     Faith    .   Y - +0 chain mail
rPois    ∞         Spirit   .   z - +0 helmet
rElec    +         Reflect  .   (no cloak)
rCorr    +         Harm     .   (no gloves)
MR       .....                  y - +2 pair of boots
Stlth    ..........             (no amulet)
HPRegen  0.16/turn              d - ring of resist corrosion
MPRegen  0.11/turn              h - ring of flight

@: slowed, very slow
A: negative energy resistance 1, electricity resistance, unbreathing,
petrification resistance, rot immunity, AC +5
a: Berserk, Trog's Hand, Burn Spellbooks, Renounce Religion, Evoke Flight


You were on level 5 of the Dungeon.
You worshipped Trog.
Trog was most pleased with you.
You were hungry.

You visited 1 branch of the dungeon, and saw 5 of its levels.

You collected 150 gold pieces.

Inventory:

Hand Weapons
 a - a +1 hand axe
 i - a +0 war axe
 j - a +1 spear of venom
 p - a cursed +0 scythe
 u - a +0 falchion
 B - a +0 hunting sling
 G - a +0 blowgun
 H - a +2 whip of electrocution (weapon)
 S - a +0 hunting sling
 U - a +0 flail
Missiles
 e - 3 tomahawks (quivered)
 q - 97 stones
 s - 18 arrows
 E - 32 sling bullets
 I - 19 poisoned needles
 N - 4 exploding tomahawks
 T - 3 curare-tipped needles
Armour
 y - a +2 pair of boots (worn)
 z - a +0 helmet (worn)
 C - a +0 shield (worn)
 Y - a +0 chain mail (worn)
Jewellery
 d - a ring of resist corrosion (left hand)
 f - a +2 ring of strength {unknown}
 h - a ring of flight (right hand)
Wands
 b - a wand of acid (7)
Scrolls
 g - a scroll of enchant weapon
 t - 4 scrolls of teleportation
 x - a scroll of amnesia
 A - a scroll of noise
 F - 2 scrolls of enchant armour
 M - 3 scrolls of magic mapping
 P - a scroll of remove curse
Potions
 k - a potion of curing {unknown}
 m - a potion of brilliance {unknown}
 n - 3 potions of mutation {unknown}
 w - 2 potions of lignification {unknown}
 J - 3 potions of cancellation {unknown}
 L - a potion of berserk rage {unknown}
 O - 3 potions of flight {unknown}
 Q - a potion of heal wounds {unknown}
 V - a potion of magic {unknown}
 W - 2 potions of degeneration {unknown}
Books
 v - a book of Maledictions

   Spells                             Type                      Level
   a - Corona                         Hexes                        1
   b - Ensorcelled Hibernation        Hexes/Ice                    2
   c - Confuse                        Hexes                        3
   d - Tukima's Dance                 Hexes                        3
   e - Dazzling Spray                 Conjuration/Hexes            3
   Trog disapproves of the use of such an item.
Comestibles
 c - 8 rations


   Skills:
 * Level 5.3 Fighting
 + Level 4.0(4.9) Axes
 * Level 4.8(5.6) Maces & Flails
 * Level 4.9 Armour
 * Level 3.2 Dodging
 * Level 4.0 Shields


You had 7 spell levels left.
You didn't know any spells.

Dungeon Overview and Level Annotations

Branches:
Dungeon (5/15)
 Temple: D:4-7

Altars:
Ashenzari
The Shining One


Innate Abilities, Weirdness & Mutations

You are resistant to torment.
Your stone body is resilient. (AC +5)
You are immune to poison.
You resist negative energy. (rN+)
You are resistant to electric shocks. (rElec)
You can survive without breathing.
You are immune to petrification.
You are immune to rotting.


Message History

The orc wizard casts a spell at you.
The magic dart hits something.
Something hits you but does no damage. You block something's attack.
You closely miss something. Something hits you but does no damage.
The orc priest calls down the wrath of Beogh upon you.
Beogh smites you!
* * * LOW HITPOINT WARNING * * *
You block the orc wizard's attack. Something hits you.
* * * LOW HITPOINT WARNING * * *
The orc priest hits you but does no damage.
The orc priest looks satisfied for a moment.
You hear some strange, mumbled words.
A puff of flame appears from out of thin air!
The puff of flame hits you!
The orc priest invokes the aid of Beogh against you.
Something hits you but does no damage. The orc wizard barely misses you.
The orc priest calls down the wrath of Beogh upon you.
Beogh smites you!
You die...

.....P.....# ### ##.
..).......#####..##.....
........................#
......###...##.....$....#
.....## ##..##.......8..##.
......# #..#...............
......## ##.................
≈P.P#..###..................
≈≈≈.#..##..###..@.o.........
≈≈..##.....# ##..oo.o.......
≈≈≈.###...## ##.........$..
≈≈..# #..## ##...........
≈..P###...## #.....#####
##.....###.### ##...##
###..## ##..## ##..# ##.#
#....# ##.# ####...#### ###


You could see an orc priest, an orc wizard and 2 orcs.

Vanquished Creatures
  Sigmund (D:4)
  Menkaure (D:5)
  A phantom (D:4)
  The ghost of Buffagor the Digger, an amateur GrEE (D:4)
  A scorpion (D:4)
  A water moccasin skeleton (D:5)
  A howler monkey (D:4)
  3 bullfrog zombies (D:5)
  2 orc priests
  2 hounds (D:4)
  A bullfrog skeleton (D:4)
  2 iguanas
  3 worker ants
  2 hound zombies (D:5)
  2 hound skeletons
  2 howler monkey zombies (D:5)
  2 worker ant zombies (D:5)
  Robin (D:2)
  4 adders
  An ooze (D:3)
  2 adder zombies (D:5)
  2 adder skeletons
  7 worms
  2 dart slugs
  A leopard gecko (D:1)
  9 orcs
  5 giant cockroaches
  17 goblins
  10 hobgoblins
  7 jackals (D:2)
  A quokka (D:4)
  A ball python (D:1)
  6 bats
  2 frilled lizards (D:1)
  A giant cockroach zombie (D:5)
  8 kobolds
  A quokka zombie (D:5)
  6 rats
122 creatures vanquished.

Notes
Turn   | Place    | Note
-------+----------+-------------------------------------------
     0 | D:1      | EphemeralWolf the Gargoyle Berserker began the quest for the Orb.
     0 | D:1      | Reached XP level 1. HP: 14/14 MP: 1/1
   314 | D:1      | Reached XP level 2. HP: 19/19 MP: 2/2
   655 | D:2      | Reached XP level 3. HP: 23/23 MP: 3/3
   656 | D:2      | Reached ** piety under Trog
   751 | D:2      | Noticed Robin
   754 | D:2      | Reached skill level 1 in Shields
   757 | D:2      | Reached XP level 4. HP: 24/29 MP: 4/4
   767 | D:2      | Killed Robin
   768 | D:2      | Reached skill level 4 in Fighting
   772 | D:2      | Reached skill level 1 in Maces & Flails
  1198 | D:2      | Found a shattered altar of Ashenzari.
  1198 | D:2      | Found a glowing golden altar of the Shining One.
  1513 | D:3      | Reached XP level 5. HP: 30/33 MP: 5/5
  1534 | D:3      | Reached *** piety under Trog
  2120 | D:4      | Reached XP level 6. HP: 34/39 MP: 6/6
  2136 | D:4      | Noticed Sigmund
  2183 | D:4      | Killed Sigmund
  2259 | D:4      | Reached XP level 7. HP: 39/44 MP: 7/7
  2278 | D:4      | Received a gift from Trog
  2546 | D:4      | Noticed Buffagor's ghost (amateur GrEE)
  2554 | D:4      | Killed Buffagor's ghost
  2625 | D:4      | Reached skill level 5 in Fighting
  2638 | D:4      | Received a gift from Trog
  2729 | D:5      | Entered Level 5 of the Dungeon
  2753 | D:5      | Noticed Menkaure
  2763 | D:5      | Killed Menkaure
  2763 | D:5      | Reached XP level 8. HP: 39/49 MP: 8/8
  3274 | D:5      | Killed from afar by an orc priest

Skill      XL: |  1  2  3  4  5  6  7  8 |
---------------+-------------------------+-----
Axes           | 3 4 |  4.0
Dodging        | 2 3 |  3.2
Shields        | 1 2 3 4 |  4.0
Fighting       | 4 5 |  5.3
Maces & Flails | 1 2 3 4 |  4.8
Armour         | 3 4 |  4.9

Action                   |  1- 3 |  4- 6 |  7- 9 || total
-------------------------+-------+-------+-------++-------
Melee: Hand axe          |    62 |    80 |       ||   142
       Club              |    51 |       |       ||    51
       Whip              |       |    80 |   182 ||   262
Invok: Trog's Hand       |     2 |     2 |     2 ||     6
       Berserk           |       |     1 |       ||     1
       Burn Spellbooks   |       |       |     1 ||     1
  Use: Scroll            |       |     7 |     1 ||     8
  Eat: Chunk             |       |     7 |     4 ||    11
Armor: Leather armour    |    69 |    10 |       ||    79
       Chain mail        |       |    83 |    76 ||   159
Dodge: Dodged            |    47 |    42 |    26 ||   115
Block: Shield            |    52 |    63 |    58 ||   173
